 Dungeon Crawl Stone Soup version 0.29.1-12-g30fa7ad0bf (webtiles) character file.

Game seed: 15222777059664635733

97 xzight the Ruffian (level 4, -1/67 HPs)
             Began as a Troll Berserker on Dec 27, 2022.
             Was a Believer of Trog.
             Slain by a goblin
             ... wielding a +0 club
              (3 damage)
             ... on level 4 of the Dungeon.
             The game lasted 00:02:08 (1481 turns).

xzight the Ruffian (Troll Berserker)                Turns: 1481, Time: 00:02:09

Health: -1/67      AC: -7    Str: 27    XL:     4   Next: 42%
Magic:  3/3        EV: 10    Int:  3    God:    Trog [**....]
Gold:   76         SH:  0    Dex:  9    Spells: 3/3 levels left

rFire   . . .      SeeInvis .     - Unarmed
rCold   . . .      Faith    .   (no shield)
rNeg    . . .      Spirit   .   a - +0 animal skin
rPois   .          Reflect  .   i - +0 hat
rElec   .          Harm     .   k - +0 cloak
rCorr   .          Rampage  .   (gloves unavailable)
Will    .....                   (boots unavailable)
Stlth   ..........              n - amulet of the acrobat
HPRegen 1.01/turn               (no ring)
MPRegen 0.08/turn               (no ring)

@: berserking, corroded, very quick
A: large, unfitting armour, claws 3, regeneration 1, shaggy fur 1, tough skin 1
a: Renounce Religion, Berserk, Trog's Hand


You were on level 4 of the Dungeon.
You worshipped Trog.
Trog was pleased with you.
You visited 1 branch of the dungeon, and saw 4 of its levels.

You collected 76 gold pieces.


Innate Abilities, Weirdness & Mutations

You are too large for most types of armour.
You have claws for hands.
Your natural rate of healing is unusually fast.
You are covered in fur. (AC +1)
You have tough skin. (AC +1)


   Skills:
 + Level 3.5 Fighting
 - Level 2.4 Dodging
 + Level 4.2 Unarmed Combat


You had 3 spell levels left.
You didn't know any spells.
Your spell library was empty.

Inventory:

Missiles
 g - 6 boomerangs of dispersal (quivered) {=f}
Armour
 a - a +0 animal skin (worn)
 i - a +0 hat (worn)
 k - a +0 cloak (worn)
Jewellery
 n - an amulet of the acrobat (around neck)
 F - a ring of fire
Scrolls
 c - a scroll of noise {unknown}
 e - a scroll of vulnerability {unknown}
 f - 2 scrolls of identify {unknown}
 j - a scroll of amnesia {unknown}
 p - 2 scrolls of butterflies {unknown}
 q - 3 scrolls of teleportation {unknown}
Potions
 b - 3 potions of attraction {unknown}
 d - a potion of flight {unknown}
 h - a potion of haste {unknown}
 l - a potion of degeneration {unknown}
 m - 5 potions of curing {unknown}
 o - a potion of heal wounds {unknown}

Dungeon Overview and Level Annotations

Branches:
Dungeon (4/15)
 Temple: D:4-7

Altars:
Elyvilon
Hepliaklqana
Nemelex Xobeh

##.##.....##.
##...............##
###..^..............#
##....................
#.............B.......
##..#.................
#..#.......#.........
#........####gl......
#.........#..@.......
##.............<.####
##.......#......#...
#..#[..#.......#.$.
#...#...#.......#$.⚑
#...............#...
#.........#.....#.$.
###........#...###+
#.... ..##.#..


You could see an iguana, a giant cockroach and a goblin.


Message History

The iguana hisses angrily.
The goblin shouts!
The jelly hits you. The acid corrodes you!
You are splashed with acid!
You scratch the jelly.
Your claws burn!
The jelly is moderately wounded.
The jelly hits you. The acid corrodes you!
You are splashed with acid!
You scratch the jelly but do no damage.
Your claws burn!
The jelly is moderately wounded.
A giant cockroach comes into view.
The jelly hits you.
You are splashed with acid!
* * * LOW HITPOINT WARNING * * *
Use which ability? (? or * to list)
A red film seems to cover your vision as you go berserk!
You feel yourself moving faster!
You feel mighty! The jelly hits you.
* * * LOW HITPOINT WARNING * * *
You are splashed with acid!
* * * LOW HITPOINT WARNING * * *
You claw the jelly!
Your claws burn!
* * * LOW HITPOINT WARNING * * *
The jelly is almost dead.
The jelly hits you.
* * * LOW HITPOINT WARNING * * *
The acid corrodes you!
You are splashed with acid!
* * * LOW HITPOINT WARNING * * *
You scratch the jelly.
You kill the jelly!
Trog accepts your kill.
You scratch the goblin.
The goblin is moderately wounded.
The goblin hits you with a +0 club.
You die...

Skill      XL: |  1  2  3 |
---------------+----------+-----
Fighting       | 3 |  3.5
Unarmed Combat | 4 |  4.2
Dodging        | |  2.4

Action                   |  1- 3 |  4- 6 || total
-------------------------+-------+-------++-------
Melee: Unarmed           |    99 |     5 ||   104
       Punch             |     2 |       ||     2
Invok: Berserk           |       |     1 ||     1
Armor: Animal skin       |    31 |       ||    31
Dodge: Dodged            |    36 |       ||    36

Levels and vault maps discovered:
D:1:      minmay_arrival_diagonal_passages, layout_rooms
D:2:      layout_basic, basic_ecumenical_altar
D:3:      layout_rooms, nicolae_elyvilon_peaceful_grove
D:4:      layout_cave_pools, nemelex_xobeh_ov_fountains_minmay,
          mainiacjoe_overflow_alcove_1, amcnicky_altar_gilded,
          minmay_misc_feat_plants, minivault_19

Notes
Turn   | Place    | Note
-------+----------+-------------------------------------------
     0 | D:1      | xzight the Troll Berserker began the quest for the Orb.
     0 | D:1      | Reached XP level 1. HP: 22/22 MP: 0/0
    60 | D:1      | Reached XP level 2. HP: 29/29 MP: 1/1
   372 | D:2      | Reached skill level 3 in Fighting
   458 | D:2      | Reached XP level 3. HP: 36/37 MP: 2/2
   470 | D:2      | Found a faded altar of an unknown god.
   764 | D:2      | Reached ** piety under Trog
  1118 | D:3      | Found a white marble altar of Elyvilon.
  1342 | D:3      | Reached skill level 4 in Unarmed Combat
  1452 | D:4      | Found a sparkling altar of Nemelex Xobeh.
  1458 | D:4      | Reached XP level 4. HP: 45/45 MP: 3/3
  1475 | D:4      | Found a hazy altar of Hepliaklqana.
  1479 | D:4      | HP: 1/67 [acid (8)]
  1481 | D:4      | Slain by a goblin

Vanquished Creatures
  A jelly (D:4)
  An adder (D:2)
  A worm (D:2)
  2 dart slugs (D:1)
  An orc (D:3)
  3 ball pythons
  3 endoplasms
  2 giant cockroaches
  6 goblins
  4 hobgoblins
  8 jackals
  A quokka (D:1)
  4 bats
  4 frilled lizards
  2 kobolds
  A rat (D:1)
44 creatures vanquished.

Table legend: (Time is in decaauts)
 A = Elapsed time spent in this place.
 B = Non-inter-level travel time spent in this place.
 C = Inter-level travel time spent in this place.
 D = Time resting spent in this place.
 E = Time spent auto-exploring this place.
 F = Levels seen in this place.
 G = Mean time per level.
                   A        B        C        D        E       F      G
               +--------+--------+--------+--------+--------+-----+--------+
         Total |   1474 |   1417 |     57 |      0 |   1115 |   4 |  368.5 |
       Dungeon |   1474 |   1417 |     57 |      0 |   1115 |   4 |  368.5 |
               +--------+--------+--------+--------+--------+-----+--------+

Top non-repeatable levels by time:
     D:2: 648 daAuts
     D:3: 451 daAuts
     D:1: 347 daAuts
     D:4: 27 daAuts

Table legend:
 A = Non-vault XP
 B = Vault XP
 C = Vault XP percentage of total XP
 D = Non-vault monster count
 E = Vault monster count
 F = Vault count percentage of total count
                 A         B        C        D         E       F
            +---------+---------+-------+---------+---------+-------
      Total |     139 |       0 |   0.0 |      44 |       0 |   0.0
            +---------+---------+-------+---------+---------+-------
        D:1 |      38 |       0 |   0.0 |      20 |       0 |   0.0
        D:2 |      28 |       0 |   0.0 |       7 |       0 |   0.0
        D:3 |      27 |       0 |   0.0 |      14 |       0 |   0.0
        D:4 |      46 |       0 |   0.0 |       3 |       0 |   0.0
            +---------+---------+-------+---------+---------+-------
